Match 40057480
Unlisted

Match 40057480
End
Vickers Machine Gun Team
Construct Section Command Post
Dingo Light Scout Car
Vickers Machine Gun Team
Infantry Section
Infantry Section
Grenade Package
Construct Platoon Command Post
CMP 15cwt Truck
6-pounder Anti-tank Gun Team
Selects Heavy Armor Battlegroup
Selects Light Vehicle Withdraw and Refit
Selects UNKNOWN (202330)
Selects Rigorous Vehicle Training
Team Weapon Training
Infantry Training
Infantry Section
Alpenmann
TheSphinx
BloodSpark
Cons01
Samson (MykillJackson)
EisregenKubus0
MZMZ
Woolridge
0
0

Comments sign in to comment!

No comments posted yet!